 Dungeon Crawl Stone Soup version 0.30-a0-851-gbd0d260d8e (webtiles) character file.

Game seed: 3833084384686337760

91 IndexError the Shooter (level 4, -2/28 HPs)
             Began as a Gargoyle Hunter on Mar 4, 2023.
             Slain by Terence
             ... wielding a +0 falchion
              (9 damage)
             ... on level 2 of the Dungeon.
             The game lasted 00:04:35 (1686 turns).

IndexError the Shooter (Gargoyle Hunter)            Turns: 1686, Time: 00:04:36

Health: -2/28      AC:  7    Str: 15    XL:     4   Next: 57%
Magic:  4/4        EV: 11    Int:  9    God:
Gold:   89         SH:  0    Dex: 15    Spells: 3/3 levels left

rFire   . . .      SeeInvis .    a - +0 shortbow
rCold   . . .      Faith    .    (shield currently unavailable)
rNeg    + . .      Spirit   .    c - +0 leather armour
rPois   ∞          Reflect  .    i - +0 helmet
rElec   +          Rampage  .    (no cloak)
rCorr   .                        (no gloves)
Will    .....                    (no boots)
Stlth   ++                       (no amulet)
HPRegen 0.24/turn                (no ring)
MPRegen 0.09/turn                (no ring)

@: no status effects
A: sickness immunity, AC +3, negative energy resistance 1, electricity
resistance, torment resistance 1, petrification resistance
a: no special abilities


You were on level 2 of the Dungeon.
You visited 1 branch of the dungeon, and saw 2 of its levels.

You collected 89 gold pieces.

Inventory:

Hand Weapons
 a - a +0 shortbow (weapon)
Armour
 c - a +0 leather armour (worn)
 i - a +0 helmet (worn)
   (You took it off Robin on level 1 of the Dungeon)
Magical Staves
 e - a staff of air {rElec}
   (You found it on level 1 of the Dungeon)
Scrolls
 b - a scroll of immolation {!r}
 h - a scroll of amnesia {unknown}
 l - 2 scrolls of vulnerability {unknown}
 m - a scroll of teleportation {unknown}
Potions
 d - 2 potions of degeneration {unknown}
 f - a potion of invisibility {unknown}
 g - a potion of mutation {unknown}
 j - 2 potions of curing {unknown}
 k - a potion of heal wounds {unknown}
 n - a potion of flight {unknown}


   Skills:
 + Level 3.3 Fighting
 * Level 5.3 Ranged Weapons
 - Level 1.5 Dodging
 - Level 1.1 Stealth


You had 3 spell levels left.
You didn't know any spells.
Your spell library contained the following spells:

 Spells                   Type           Power      Damage    Failure   Level
 Blink                    Tloc           0%         N/A       58%         2
 Lesser Beckoning         Tloc           0%         N/A       58%         2
 Momentum Strike          Conj/Tloc      0%         3d8       58%         2


Dungeon Overview and Level Annotations

Branches:
Dungeon (2/15)

Altars:
Wu Jian

Annotations:
D:2 Terence


Innate Abilities, Weirdness & Mutations

You are immune to sickness and miasma.
Your stone body is resilient. (AC +3)
You are immune to poison.
You resist negative energy. (rN+)
You are resistant to electric shocks. (rElec)
You are resistant to unholy torment.
You are immune to petrification.


Message History

Aim: an endoplasm (asleep, 98% to hit)
You shoot an arrow. The arrow hits the endoplasm.
The endoplasm quivers.
Fire: a) +0 shortbow
Press: ? - help, Q - select action Shift-Dir - straight line, f/p - endoplasm
Aim: an endoplasm (lightly wounded, 86% to hit)
You shoot an arrow. The arrow hits the endoplasm.
Fire: a) +0 shortbow
Press: ? - help, Q - select action Shift-Dir - straight line, f/p - endoplasm
Aim: an endoplasm (almost dead, 86% to hit)
You shoot an arrow. The arrow hits the endoplasm.
A ball python comes into view.
You shoot an arrow. The arrow hits the ball python.
You hear an angry hiss.
A ball python comes into view.
You shoot an arrow. The arrow hits the ball python.
You shoot an arrow. The arrow hits the ball python!
No target in view!
A bat comes into view.
You shoot an arrow. The arrow barely misses the bat.
You shoot an arrow. The arrow misses the bat.
The bat barely misses you. x2
You shoot an arrow. The arrow closely misses the bat.
The bat barely misses you. The bat misses you.
You shoot an arrow. The arrow hits the bat.
An endoplasm comes into view.
You shoot an arrow.
The arrow hits the endoplasm but does no damage.
You shoot an arrow. The arrow hits the endoplasm.
You shoot an arrow. The arrow hits the endoplasm.
You shoot an arrow. The arrow hits the endoplasm.
No target in view!
m - a scroll labelled MURE DIOTECIOGG No target in view!
No target in view!
n - a fizzy emerald potion No target in view!
No target in view!
A quokka comes into view.
You shoot an arrow. The arrow hits the quokka.
You hear a shout!
A hobgoblin comes into view.
You shoot an arrow. The arrow hits the hobgoblin!
No target in view!
You see here a hobgoblin corpse.
j - 2 pink potions (gained 1)
There is a stone staircase leading up here.
A bat comes into view.
The bat moves out of view.
You shoot an arrow. The arrow closely misses the bat.
The bat hits you but does no damage.
You shoot an arrow. The arrow hits the bat!
No target in view!
No target in view!
You now have 89 gold pieces (gained 12).
Terence and a dart slug come into view.
Terence is wielding a +0 falchion and carrying a wand of roots (9).
Terence shouts!
There are monsters nearby!
You shoot an arrow. The arrow hits Terence.
Terence zaps a wand.
The roots erupt in riotous growth!
The grasping roots grab you!
Terence is unaffected.
The grasping roots constrict you. The dart slug launches a dart at you.
The slug dart hits you.
You shoot an arrow. The arrow closely misses Terence.
Terence closely misses you. The grasping roots constrict you.
The dart slug launches a dart at you.
The slug dart hits you but does no damage.
The grasping roots release their grip on you.
You take 6 damage, and have 22/28 hp.
MASSIVE DAMAGE!!
You shoot an arrow.
The arrow hits Terence but does no damage.
Terence barely misses you.
You shoot an arrow.
The arrow hits Terence but does no damage.
Terence hits you but does no damage. The dart slug launches a dart at you.
The slug dart misses you. Terence hits you with a +0 falchion.
You take 4 damage, and have 18/28 hp.
You shoot an arrow. The arrow hits Terence.
The dart slug launches a dart at you. The slug dart hits you.
Terence zaps a wand.
The roots erupt in riotous growth!
The grasping roots grab you!
Terence is unaffected.
The grasping roots constrict you.
You are too injured to fight recklessly!
You take 7 damage, and have 11/28 hp.
MASSIVE DAMAGE!!
Fire: a) +0 shortbow
Press: ? - help, Q - select action Shift-Dir - straight line, f/p - Terence
Aim: Terence, wielding a +0 falchion, wearing a +0 chain mail and carrying a wand of roots (7) (heavily wounded, 69% to hit)
You shoot an arrow. The arrow hits Terence.
Terence hits you but does no damage. The grasping roots constrict you.
* * * LOW HITPOINT WARNING * * *
The grasping roots release their grip on you.
You take 4 damage, and have 7/28 hp.
Fire: a) +0 shortbow
Press: ? - help, Q - select action Shift-Dir - straight line, f/p - Terence
Aim: Terence, wielding a +0 falchion, wearing a +0 chain mail and carrying a wand of roots (7) (severely wounded, 69% to hit)
You shoot an arrow. The arrow hits Terence.
Terence hits you with a +0 falchion!
You die...

.. ## # #.#.# .
#.#...## ..
.#.... ... ..
....##w.
#.###..[..
#....@..# #..#
#@# ###..###.#
#........##.###
#.
#.....#........#
..
#........##.##.#
.#
######.....#.##
# .#
...........#.#
.#
######.......#
.#.# ####.####


You could see Terence and a dart slug.

Vanquished Creatures
  Robin (D:1)
  2 adders (D:2)
  A worm (D:2)
  A dart slug (D:1)
  5 ball pythons
  3 endoplasms (D:2)
  13 goblins
  3 hobgoblins
  4 jackals (D:1)
  4 quokkas
  7 bats
  A frilled lizard (D:1)
  A kobold (D:1)
  5 rats (D:1)
51 creatures vanquished.

Notes
Turn   | Place    | Note
-------+----------+-------------------------------------------
     0 | D:1      | IndexError the Gargoyle Hunter began the quest for the Orb.
     0 | D:1      | Reached XP level 1. HP: 12/12 MP: 1/1
   126 | D:1      | Reached XP level 2. HP: 18/18 MP: 2/2
   419 | D:1      | Found a faded altar of an unknown god.
   797 | D:1      | Reached XP level 3. HP: 22/22 MP: 3/3
  1323 | D:2      | Noticed Robin
  1331 | D:2      | Reached skill level 3 in Fighting
  1432 | D:1      | Killed Robin
  1433 | D:1      | Reached skill level 5 in Ranged Weapons
  1433 | D:1      | Reached XP level 4. HP: 28/28 MP: 4/4
  1466 | D:2      | Found an ornate altar of the Wu Jian Council.
  1679 | D:2      | Noticed Terence
  1685 | D:2      | HP: 7/28 [constriction (4)]
  1686 | D:2      | Slain by Terence

Illustrated notes

Levels and vault maps discovered:
D:1:      kennysheep_arrival_forest, layout_basic,
          shapermc_ecumenical_altar_venn, serial_corexii_hall,
          corexii_hall_statues_x, chequers_hall_statues_y
D:2:      layout_loops_cross, basic_altar, uniq_robin, uniq_terence

Skill      XL: |  1  2  3 |
---------------+----------+-----
Fighting       | 3 |  3.3
Ranged Weapons | 5 |  5.3
Dodging        | |  1.5
Stealth        | |  1.1

Action                     |  1- 3 |  4- 6 || total
---------------------------+-------+-------++-------
   Fire: Shortbow          |   104 |    49 ||   153
 Armour: Leather armour    |    38 |    13 ||    51
  Dodge: Dodged            |    54 |    19 ||    73

Table legend: (Time is in decaauts)
 A = Elapsed time spent in this place.
 B = Non-inter-level travel time spent in this place.
 C = Inter-level travel time spent in this place.
 D = Time resting spent in this place.
 E = Time spent auto-exploring this place.
 F = Levels seen in this place.
 G = Mean time per level.
                   A        B        C        D        E       F      G
               +--------+--------+--------+--------+--------+-----+--------+
         Total |   1735 |   1615 |    120 |      0 |   1330 |   2 |  867.5 |
       Dungeon |   1735 |   1615 |    120 |      0 |   1330 |   2 |  867.5 |
               +--------+--------+--------+--------+--------+-----+--------+

Top non-repeatable levels by time:
     D:1: 1422 daAuts
     D:2: 312 daAuts

Table legend:
 A = Kills in this place as a percentage of kills in the entire game.
 B = Kills by you in this place as a percentage of kills by you in the entire game.
 C = Kills by friends in this place as a percentage of kills by friends in the entire game.
 D = Other kills in this place as a percentage of other kills in the entire game.
 E = Experience gained in this place as a percentage of experience gained in the entire game.
 F = Experience gained in this place divided by the number of levels of this place that you have seen.
                   A       B       C       D       E      F
               +-------+-------+-------+-------+-------+----------------------
         Total | 100.0 | 100.0 |   N/A |   N/A | 100.0 |  65.0
       Dungeon | 100.0 | 100.0 |   N/A |   N/A | 100.0 |  65.0
               +-------+-------+-------+-------+-------+----------------------
